Map: Incorporeal LE

Players

IIIIIIIIIIII - Winner!

  • Race: Terran Terran
  • League: Master
  • Spawn Location: 11:00

ManlyManMeat

  • Race: Zerg Zerg
  • League: Diamond
  • Spawn Location: 5:00

VOD

Have the link to the VOD?

Description

Time

  • Played on: July 9, 2025, 8:50 a.m.
  • Length: 12:06
Show
View Real Time Build Order
Export as new Build Order

IIIIIIIIIIII Terran - Winner!

Build Orders: Reaper Expand 

Get SALT Encoding   

  12  0:00  SCV  
  13  0:13  SCV  
  14  0:17  Supply Depot  
  14  0:26  SCV  
  15  0:40  Barracks, SCV  
  16  0:44  Refinery  
  16  0:52  SCV  
  17  1:04  SCV  
  18  1:16  SCV  
  19  1:28  Orbital Command, Reaper  
  20  1:40  Command Center  
  20  1:52  Supply Depot  
  20  1:56  SCV  
  20  2:00  Marine  
  22  2:08  SCV  
  22  2:11  Factory  
  23  2:21  SCV  
  24  2:24  Refinery  
  24  2:29  Barracks Reactor  
  24  2:33  SCV  
  25  2:37  Barracks  
  25  2:45  SCV  
  26  2:53  Orbital Command  
  26  2:57  SCV  
  26  2:58  Factory Tech Lab  
  26  3:07  Marine x2  
  26  3:09  SCV  
  29  3:20  SCV  
  29  3:22  SCV  
  31  3:28  Marine  
  31  3:29  Marine  
  31  3:32  SCV  
  34  3:34  Factory Reactor  
  34  3:36  Starport  
  34  3:41  Supply Depot  
  34  3:42  Supply Depot, Stimpack, Marine  
  34  3:44  SCV  
  34  3:47  SCV  
  37  3:51  Marine  
  37  3:52  Marine  
  39  3:56  SCV  
  39  4:01  Marine  
  41  4:03  SCV  
  41  4:07  Supply Depot  
  41  4:08  SCV  
  43  4:15  SCV  
  43  4:16  Marine x2  
  46  4:19  Medivac  
  46  4:20  Marine, SCV, Medivac  
  52  4:27  SCV  
  52  4:30  Engineering Bay  
  53  4:33  SCV  
  53  4:35  Marine, Factory Tech Lab  
  53  4:36  Marine  
  56  4:48  Command Center, Marine  
  56  4:50  SCV  
  56  4:52  SCV  
  59  4:53  Marine  
  59  5:06  Marine x2  
  61  5:07  Siege Tank  
  61  5:11  Marine  
  67  5:21  Barracks x2, SCV x2  
  67  5:23  Refinery, Terran Infantry Weapons Level 1  
  67  5:24  Marine x2  
  67  5:25  Refinery, Combat Shield  
  69  5:29  Marine  
  69  5:30  Supply Depot x2  
  70  5:39  Starport Reactor  
  70  5:51  Marine, Siege Tank, SCV x2  
  76  6:00  Supply Depot  
  76  6:01  Supply Depot, Marine x2  
  76  6:03  SCV x2  
  76  6:04  Orbital Command  
  80  6:09  Marine  
  81  6:15  SCV  
  82  6:25  Marine x3  
  82  6:31  Orbital Command  
  83  6:38  Marine x2  
  82  6:40  Barracks Tech Lab  
  82  6:43  Marine  
  82  6:47  SCV x2  
  85  6:51  Marine  
  85  6:52  Marine, Factory, Siege Tank  
  85  6:54  Medivac x2  
  92  6:55  Barracks  
  92  6:56  Marine  
  92  6:59  SCV  
  96  7:03  Marine x2  
  96  7:04  Marine  
  96  7:05  SCV  
  96  7:06  SCV  
  101  7:09  Supply Depot  
  101  7:11  SCV  
  101  7:12  Supply Depot  
  102  7:18  Marine x3  
  102  7:20  SCV x2  
  102  7:21  Terran Infantry Armor Level 1, Marine  
  103  7:35  Marine x2  
  103  7:36  Marine x2, Siege Tank, Medivac  
  112  7:37  Factory Reactor  
  112  7:40  SCV x3  
  115  7:44  Barracks Tech Lab  
  115  7:51  Supply Depot  
  115  7:52  Supply Depot, SCV x3  
  115  7:54  Engineering Bay  
  118  8:01  Marine  
  118  8:02  Marine x3  
  118  8:03  Marauder x2  
  118  8:05  SCV  
  127  8:11  Siege Tank  
  127  8:12  Marauder  
  132  8:24  Marauder  
  132  8:25  Marauder, Marine x4  
  139  8:33  Marauder  
  110  8:41  Medivac x2, Widow Mine x2  
  110  8:42  SCV x2  
  110  8:43  Marine  
  110  8:45  Refinery x2  
  110  8:46  Armory  
  114  8:49  Siege Tank  
  114  8:50  Marauder x2, Marine x3  
  114  8:54  Marauder, Supply Depot  
  126  9:00  Marine  
  127  9:04  Command Center  
  127  9:08  Marine x2  
  129  9:11  Sensor Tower  
  129  9:13  Widow Mine  
  129  9:14  Widow Mine  
  135  9:17  Marauder x2, Ghost Academy, Marine  
  122  9:48  Marine x2  
  122  9:49  Marauder x3, Marine x2  
  122  9:50  Siege Tank, Widow Mine x2  
  122  9:51  Medivac  
  140  10:07  Marine  
  140  10:08  Marine x2  
  140  10:10  Marauder x3  
  143  10:24  Marine  
  143  10:25  Medivac, Marine, Siege Tank, Widow Mine x2  
  150  10:31  Marauder  
  150  10:35  SCV x2  
  154  10:39  SCV  
  155  10:45  Marine  
  155  10:46  Marauder  
  158  11:01  Marauder x2, Marine x3  
  158  11:02  Widow Mine x2  
  169  11:12  Ghost  
  170  11:28  Ghost  
  168  11:39  Orbital Command  
  160  11:45  Marine  
  160  11:46  Marine  
Show
View Real Time Build Order
Export as new Build Order

ManlyManMeat Zerg 

Build Orders: Hatch First 

Get SALT Encoding   

  12  0:00  Drone  
  13  0:08  Drone  
  13  0:14  Extractor  
  13  0:15  Drone  
  15  0:21  Overlord  
  15  0:41  Drone  
  16  0:47  Hatchery  
  16  0:50  Drone  
  16  0:53  Drone  
  17  0:57  Drone  
  18  1:07  Extractor  
  17  1:13  Spawning Pool  
  17  1:16  Drone  
  17  1:19  Drone  
  18  1:26  Drone  
  19  1:38  Drone  
  20  2:00  Queen x2  
  20  2:01  Zergling x4  
  26  2:03  Overlord  
  26  2:23  Metabolic Boost  
  26  2:29  Hatchery  
  25  2:30  Drone  
  25  2:32  Drone  
  25  2:35  Drone  
  28  2:47  Drone  
  28  2:48  Drone, Overlord  
  28  2:50  Drone  
  32  2:58  Drone x2  
  33  3:10  Drone x2  
  33  3:11  Drone x2  
  33  3:12  Overlord  
  37  3:18  Drone x2  
  37  3:19  Drone  
  41  3:20  Drone  
  41  3:27  Overlord  
  41  3:39  Drone  
  41  3:40  Drone  
  43  3:44  Queen  
  43  3:45  Queen  
  47  4:04  Extractor  
  47  4:06  Drone x2  
  47  4:07  Drone  
  49  4:11  Extractor, Queen  
  50  4:17  Evolution Chamber  
  49  4:25  Lair  
  49  4:27  Drone x3  
  49  4:29  Drone x2  
  54  4:32  Hatchery  
  54  4:33  Spore Crawler  
  54  4:35  Spore Crawler  
  54  4:37  Drone  
  54  4:38  Drone  
  53  4:39  Hatchery  
  53  4:41  Zergling x4  
  54  4:46  Pneumatized Carapace  
  54  5:02  Zergling x8  
  57  5:20  Drone x3, Overlord x2  
  57  5:21  Overlord  
  60  5:23  Zerg Melee Weapons Level 1  
  60  5:25  Baneling Nest  
  60  5:27  Evolution Chamber, Infestation Pit  
  57  5:36  Overlord x2  
  57  5:41  Drone x3  
  57  5:42  Drone x3, Extractor  
  62  5:43  Drone x3  
  62  5:48  Overseer  
  65  5:55  Zergling x2  
  65  5:56  Zergling x14  
  73  6:11  Centrifugal Hooks  
  73  6:12  Drone  
  73  6:13  Drone x2, Zergling x6  
  73  6:14  Zergling x4  
  75  6:38  Zergling x20  
  80  6:40  Infestor x2  
  80  6:41  Infestor  
  80  6:47  Overseer  
  86  6:48  Overseer  
  86  6:49  Overlord x2  
  86  6:52  Drone x3  
  89  7:02  Zergling x12  
  89  7:03  Zergling x2  
  89  7:06  Baneling x4  
  94  7:16  Zerg Ground Armor Level 1  
  94  7:17  Zerg Melee Weapons Level 2  
  92  7:37  Drone x4  
  92  7:38  Overlord  
  92  7:40  Drone x7  
  92  7:41  Drone x2, Overlord  
  92  7:42  Overlord x2  
  105  7:47  Spire  
  105  7:48  Baneling x5  
  104  8:12  Hatchery  
  103  8:14  Zergling x32  
  111  8:31  Zergling x16  
  104  8:40  Zergling x2  
  104  8:41  Zergling x20  
  103  9:05  Hive  
  103  9:06  Hatchery  
  103  9:07  Zergling x2  
  103  9:08  Zergling x16, Hatchery  
  110  9:18  Spine Crawler  
  110  9:19  Spine Crawler, Spore Crawler  
  69  9:46  Zergling x2  
  69  9:47  Zergling x44  
  89  9:53  Queen  
  67  10:25  Zergling x30  
  80  10:28  Queen  
  80  10:29  Adrenal Glands  
  80  10:33  Drone x6  
  88  10:44  Infestor x4  
  88  10:47  Drone x3  
  88  10:48  Drone  
  100  10:52  Queen  
  102  11:01  Zergling x8  
  106  11:12  Zergling x2  
  106  11:13  Zergling x12  
  106  11:15  Baneling x4  
  106  11:16  Baneling x2  
  111  11:28  Zergling x2  
  111  11:29  Zergling x14  
  102  11:35  Zergling x8  
  102  11:36  Zergling x2  
  89  11:48  Zergling x6  
  89  11:49  Zergling x8  
Tags
 
Add a new tag
Caveats
  • Supply blocks, unpowered buildings, or Contaminate may cause inaccurate times.
  • Supply counts are checked every 10 seconds.